 Dungeon Crawl Stone Soup version 0.24-a0-582-g4d4af813a0 (webtiles) character file.

Game seed: 9119346669698786160

9013 Rolt the Geomancer (level 11, -3/67 HPs)
             Began as a Gargoyle Earth Elementalist on Aug 26, 2019.
             Was a Priest of Vehumet.
             Slain by a thrashing horror (7 damage)
             ... while paralysed by accursed screaming
             ... on level 1 of the Abyss.
             The game lasted 00:51:26 (13822 turns).

Rolt the Geomancer (Gargoyle Earth Elementalist)   Turns: 13822, Time: 00:51:26

Health: -3/67      AC: 21    Str: 11    XL:     11   Next: 39%
Magic:  20/20      EV:  2    Int: 18    God:    Vehumet [***...]
Gold:   364        SH:  0    Dex: 10    Spells: 8/23 levels left

rFire    x . .     SeeInvis .   r - +0 scimitar
rCold    . . .     Gourm    .   e - +2 buckler {AC+3}
rNeg     + . .     Faith    +   D - +5 leather armour "Gevoonub" {+Blink rElec rF- rCorr}
rPois    ∞         Spirit   .   (no helmet)
rElec    +         Reflect  .   i - scarf {repulsion}
rCorr    +         Harm     .   B - +0 pair of gloves
MR       .....                  (no boots)
Stlth    ++........             q - amulet of faith
HPRegen  0.21/turn              w - ring of resist corrosion
MPRegen  0.17/turn              (no ring)

@: paralysed, hasted, repel missiles
A: negative energy resistance 1, electricity resistance, weak 1, unbreathing,
petrification resistance, rot immunity, AC +8
a: Renounce Religion, Evoke Blink


You were on level 1 of the Abyss.
You worshipped Vehumet.
Vehumet was most pleased with you.
You were near starving.

You visited 2 branches of the dungeon, and saw 14 of its levels.
You visited the Abyss 1 time.

You collected 665 gold pieces.
You spent 301 gold pieces at shops.

Inventory:

Hand Weapons
 a - a +1 morningstar
 b - a +4 dire flail
 r - a +0 scimitar (weapon)
 x - a +0 hunting sling
Missiles
 o - 11 sling bullets
 z - 43 poisoned darts (quivered)
Armour
 e - a +2 buckler of protection (worn)
 i - a scarf of repulsion (worn)
 k - a +0 scale mail
 n - a +0 chain mail
 v - the +4 ring mail of Henotheism {rElec Str+5 Int-5}
   (You found it on level 13 of the Dungeon)

   It affects your strength (+5).
   It affects your intelligence (-5).
   It insulates you from electricity.
 y - +0 shadow dragon scales
 B - a +0 pair of gloves (worn)
 D - the +5 leather armour "Gevoonub" (worn) {+Blink rElec rF- rCorr}
   (You took it off a kobold on level 8 of the Dungeon)

   It makes you vulnerable to fire.
   It insulates you from electricity.
   It lets you blink.
   It provides partial protection from all sources of acid and corrosion.
Jewellery
 q - an amulet of faith (around neck)
 w - a ring of resist corrosion (left hand)
Wands
 l - a wand of random effects (14)
 F - a wand of polymorph (18)
 G - a wand of paralysis (21)
Scrolls
 c - 2 scrolls of identify
 g - a scroll of teleportation
 h - 5 scrolls of remove curse
 j - 3 scrolls of blinking
 m - 3 scrolls of fog
 p - a scroll of enchant armour
 s - a scroll of enchant weapon
 E - a scroll of amnesia
Potions
 f - 5 potions of curing
 t - 2 potions of brilliance
 u - a potion of ambrosia
 A - 2 potions of haste
 C - a potion of heal wounds
Comestibles
 d - 14 rations


   Skills:
 + Level 7.4 Fighting
 + Level 4.9 Long Blades
 * Level 9.0 Armour
 - Level 1.5 Dodging
 - Level 2.1 Stealth
 * Level 5.0 Shields
 + Level 6.5 Spellcasting
 + Level 7.1 Conjurations
 - Level 0.7 Transmutations
 + Level 9.0 Earth Magic


You had 8 spell levels left.
You knew the following spells:

 Your Spells              Type           Power        Failure   Level  Hunger
a - Sandblast             Erth           #####.       1%          1    None
e - Passwall              Tmut/Erth      ###.....     2%          2    None
q - Lee's Rapid Deconstr  Erth           #####.....   2%          5    #####..
s - Stone Arrow           Conj/Erth      #####.       1%          3    ##.....
w - Petrify               Tmut/Erth      ###.....     19%         4    ####...

Your spell library contained the following spells:

 Spells                   Type           Power        Failure   Level  Hunger
 Ignite Poison            Fire/Tmut/Pois #.......     11%         3    ##.....
 Animate Skeleton         Necr           N/A          14%         1    None
 Pain                     Necr           #...         14%         1    None
 Summon Butterflies       Summ           #.......     14%         1    None
 Call Canine Familiar     Summ           #.......     38%         3    ##.....
 Regeneration             Chrm/Necr      #.........   38%         3    ##.....
 Vampiric Draining        Necr           #.........   38%         3    ##.....
 Animate Dead             Necr           N/A          80%         4    ####...
 Summon Ice Beast         Ice/Summ       #.......     80%         4    ####...
 Summon Mana Viper        Hex/Summ       #.......     98%         5    #####..
 Summon Hydra             Summ           #.........   100%        7    #######


Dungeon Overview and Level Annotations

Branches:
Dungeon (13/15)            Temple (1/1) D:7            Lair (0/6) D:9
    Orc (0/2) D:9
 Vaults: D:13-14

Altars:
Ashenzari
Cheibriados
Dithmenos
Elyvilon
Fedhas
Gozag
Hepliaklqana
Kikubaaqudgha
Makhleb
Nemelex Xobeh
Okawaru
Qazlal
Ru
Sif Muna
Trog
Uskayaw
Vehumet
Wu Jian
Xom
Yredelemnul
Zin
The Shining One

Shops:
D:7 *(   D:9 [

Annotations:
D:10 Sonja


Innate Abilities, Weirdness & Mutations

You are resistant to torment.
Your stone body is resilient. (AC +8)
You are immune to poison.
You resist negative energy. (rN+)
You are resistant to electric shocks. (rElec)
You can survive without breathing.
You are immune to petrification.
You are immune to rotting.
You are weak. (Str -2)


Message History

The ancient zyme hits you but does no damage. x2
You barely miss the freezing wraith. The thrashing horror misses you.
The thrashing horror tramples you.
* * * LOW HITPOINT WARNING * * *
You hold your ground!
You block the freezing wraith's attack. x2
You hit the freezing wraith.
The freezing wraith is lightly damaged.
The thrashing horror tramples you.
* * * LOW HITPOINT WARNING * * *
You hold your ground!
The thrashing horror barely misses you.
A starcursed mass splits.
The ancient zyme hits you.
* * * LOW HITPOINT WARNING * * *
The ancient zyme hits you but does no damage.
A deafening chorus of shrieks assaults your mind!
* * * LOW HITPOINT WARNING * * *
You suddenly lose the ability to move!
The thrashing horror tramples you but does no damage. x2
The freezing wraith hits you but does no damage. x2
The thrashing horror tramples you!
You die...

#...... ... ..
...##..# ..# ..#
##.. #. ##..##..# ##
...... ....... ....
#..... ....
#...##..##..# ..#
#....X##.W##..##..#
## ..
#X.XxXXx@W......
.##.
#..XxXxXX.......
..W##..##.Z##x.##..#
#.#.. ##.5# ..# #
#......... .... #
....... ...... # #
##...##..# ..##.. .
# #X#..##..# ..# ..
. #... .. . ...


You could see 6 starcursed masses, an eidolon, an ancient zyme, a thrashing
horror, 2 large abominations, a freezing wraith, 4 small abominations, an
ufetubus and a shadow dragon zombie.

Vanquished Creatures
  A two-headed ogre (D:9)
  A gargoyle (D:11)
  A troll (D:5)
  An ancient zyme (Abyss:1)
  Grinder (D:6)
  A small abomination (Abyss:1)
  A spriggan (D:7)
  Eustachio (D:5)
  A wyvern (D:12)
  10 yaks
  A hungry ghost (D:11)
  3 vampire mosquitoes (D:12)
  Duvessa (D:5)
  A water moccasin (D:5)
  4 porcupines (D:9)
  4 sky beasts
  4 orc warriors
  2 ice beasts
  3 phantoms
  An ogre (D:9)
  6 centaurs
  4 crocodiles (D:9)
  2 big kobolds
  4 bullfrogs
  A wyvern zombie (D:9)
  Dowan (D:5)
  3 scorpions (D:9)
  5 wights (D:11)
  6 howler monkeys
  6 crimson imps
  A quasit (D:7)
  2 bullfrog zombies
  2 hounds
  5 orc priests
  A bullfrog skeleton (D:12)
  2 iguanas
  Natasha (thrice) (D:2)
  6 orc wizards
  A worker ant (D:5)
  Terence (D:1)
  A statue (D:8)
  A hound zombie (D:6)
  A hound skeleton (D:6)
  2 worker ant zombies
  8 adders
  3 gnolls (D:5)
  2 shadow imps
  An ooze (D:1)
  2 worms
  4 dart slugs
  6 leopard geckos
  37 orcs
  5 giant cockroaches
  7 goblins
  5 hobgoblins
  12 jackals
  5 quokkas
  A ball python zombie (D:5)
  7 bats
  5 frilled lizards
  2 jackal zombies
  21 kobolds
  2 quokka skeletons
  8 rats
253 creatures vanquished.

Vanquished Creatures (others)
  2 bushes (D:9)
  2 fungi (D:9)
  11 plants (D:9)
15 creatures vanquished.

Grand Total: 268 creatures vanquished

Notes
Turn   | Place    | Note
-------+----------+-------------------------------------------
     0 | D:1      | Rolt the Gargoyle Earth Elementalist began the quest for
                  | the Orb.
     0 | D:1      | Reached XP level 1. HP: 10/10 MP: 3/3
   105 | D:1      | Reached skill level 1 in Fighting
   105 | D:1      | Reached XP level 2. HP: 15/16 MP: 5/5
   363 | D:1      | Reached XP level 3. HP: 19/20 MP: 6/6
  1370 | D:2      | Learned a level 3 spell: Stone Arrow
  1373 | D:2      | Learned a level 2 spell: Passwall
  1388 | D:2      | Reached XP level 4. HP: 23/26 MP: 4/8
  1396 | D:2      | Noticed Terence
  1603 | D:1      | Killed Terence
  1742 | D:2      | Noticed Natasha
  1747 | D:2      | Killed Natasha
  1747 | D:2      | Reached skill level 1 in Conjurations
  1747 | D:2      | Reached XP level 5. HP: 5/31 MP: 5/9
  2548 | D:2      | Noticed Natasha
  2556 | D:2      | Killed Natasha
  2666 | D:2      | Noticed Natasha
  2679 | D:2      | Killed Natasha
  3041 | D:3      | Noticed a sky beast
  3058 | D:3      | Killed a sky beast
  3058 | D:3      | Reached skill level 5 in Earth Magic
  3058 | D:3      | Reached XP level 6. HP: 37/37 MP: 0/11
  3064 | D:3      | Learned a level 4 spell: Petrify
  3306 | D:3      | Found a shadowy altar of Dithmenos.
  3433 | D:3      | Found an opulent altar of Gozag.
  3434 | D:3      | Found a sacrificial altar of Ru.
  4017 | D:4      | Found a shimmering altar of Xom.
  4129 | D:4      | Reached XP level 7. HP: 28/42 MP: 4/12
  4460 | D:4      | Found a blossoming altar of Fedhas.
  4544 | D:5      | Entered Level 5 of the Dungeon
  4594 | D:5      | Noticed Duvessa
  4594 | D:5      | Noticed Dowan
  4623 | D:5      | Killed Duvessa
  4623 | D:5      | Reached skill level 1 in Armour
  4629 | D:5      | Killed Dowan
  4969 | D:5      | Noticed Eustachio
  5007 | D:5      | HP: 2/44 [white imp[Eustachio] (2)]
  5015 | D:5      | Killed Eustachio
  5015 | D:5      | Reached XP level 8. HP: 12/48 MP: 14/14
  5289 | D:5      | Reached skill level 1 in Long Blades
  5707 | D:5      | Gained mutation: You are weak. (Str -2) [mutagenic glow]
  6019 | D:5      | Reached skill level 5 in Fighting
  6117 | D:5      | Noticed a troll
  6433 | D:5      | Killed a troll
  6653 | D:6      | Reached XP level 9. HP: 54/54 MP: 16/16
  6957 | D:6      | Reached skill level 5 in Armour
  7148 | D:6      | Reached skill level 5 in Conjurations
  7163 | D:6      | Reached skill level 5 in Spellcasting
  7984 | D:6      | Noticed Grinder
  8000 | D:6      | Killed Grinder
  8118 | D:6      | Learned a level 5 spell: Lee's Rapid Deconstruction
  8632 | D:7      | Found Muabeih's Serpentskin Sales.
  8746 | D:7      | Found an ornate altar of the Wu Jian Council.
  9049 | D:7      | Found a staircase to the Ecumenical Temple.
  9058 | Temple   | Entered the Ecumenical Temple
  9123 | D:7      | Found Ado Siud's Antique Weapon Emporium.
  9463 | D:8      | Reached XP level 10. HP: 59/60 MP: 18/18
  9628 | D:8      | Found a radiant altar of Vehumet.
  9635 | D:8      | Became a worshipper of Vehumet
  9872 | D:8      | Identified the +5 leather armour "Gevoonub" {+Blink rElec
                  | rF- rCorr}
 10312 | D:9      | Reached * piety under Vehumet
 10312 | D:9      | Offered knowledge of Sting by Vehumet.
 10576 | D:9      | Found Rifoafad's Armour Shop.
 10578 | D:9      | Found a staircase to the Orcish Mines.
 10585 | D:9      | Bought a +2 buckler of protection for 301 gold pieces
 10790 | D:9      | Reached skill level 1 in Shields
 10998 | D:9      | Noticed a two-headed ogre
 11012 | D:9      | Killed a two-headed ogre
 11442 | D:9      | Found a staircase to the Lair.
 11685 | D:10     | Entered Level 10 of the Dungeon
 11686 | D:10     | You fall into a shaft and drop 3 floors!
 11747 | D:13     | Got a distressingly furry ring mail
 11760 | D:13     | Identified the +4 ring mail of Henotheism {rElec Str+5
                  | Int-5} (You found it on level 13 of the Dungeon)
 11805 | D:13     | Reached ** piety under Vehumet
 11996 | D:13     | Noticed a cyclops
 11996 | D:13     | Noticed an eight-headed hydra
 12006 | D:13     | Noticed a centaur warrior
 12006 | D:13     | Noticed a manticore
 12294 | D:12     | Offered knowledge of Freeze by Vehumet.
 12294 | D:12     | Reached XP level 11. HP: 53/67 MP: 2/20
 12438 | D:11     | Noticed a green ugly thing
 13226 | D:11     | Offered knowledge of Ignite Poison by Vehumet.
 13490 | D:10     | Noticed Sonja
 13513 | D:10     | Cast into level 1 of the Abyss (Sonja)
 13534 | Abyss:1  | Reached skill level 5 in Shields
 13622 | Abyss:1  | Reached *** piety under Vehumet
 13791 | Abyss:1  | Noticed a thrashing horror
 13802 | Abyss:1  | Noticed a large abomination
 13805 | Abyss:1  | Noticed an eidolon
 13805 | Abyss:1  | Noticed a starcursed mass
 13821 | Abyss:1  | HP: 3/67 [starcursed mass/accursed screaming (7)]
 13821 | Abyss:1  | Paralysed by accursed screaming for 1 turns
 13822 | Abyss:1  | Slain by a thrashing horror

Levels and vault maps discovered:
D:1:      lightli_arrival_boilingwater, layout_loops_ring,
          minmay_small_reverse_x
D:2:      layout_basic, first_ration, uniq_natasha, uniq_terence
D:3:      layout_rooms, lemuel_round_altar, gammafunk_temple_overflow_pools
D:4:      layout_basic, fedhas_altar_4, xom_teletrap_fun
D:5:      layout_gridville, uniq_duvessa, uniq_eustachio
D:6:      layout_loops_ring, hangedman_abyss_or_decor_passed, uniq_grinder
D:7:      layout_basic, nicolae_overflow_crystal_walls,
          minmay_temple_entry_gardened_gates, serial_shops, shop, the_bakery,
          guppyfry_shop_venom
D:8:      corexii_shack_village, layout_basic, vehumet_statue
D:9:      layout_stronghold, minmay_lair_entry_grove, orc_david_3
D:10:     layout_rooms, serial_rivers, chequers_serial_rivers_micro_d,
          chequers_serial_rivers_micro_b, chequers_serial_rivers_micro_a,
          chequers_serial_rivers_small_b, uniq_grum, uniq_sonja
D:11:     layout_basic, serial_shops, kennysheep_little_box
D:12:     layout_layer_cave
D:13:     layout_roguey, david_vaults_4, kennysheep_generic_room_5
Temple:   nicolae_temple_x_marks_the_god
Abyss:1

Skill      XL: |  1  2  3  4  5  6  7  8  9 10 11 |
---------------+----------------------------------+-----
Fighting       | 1 2 3 4 5 6 7 |  7.4
Earth Magic    | 4 5 6 7 8 9 |  9.0
Spellcasting   | 3 4 5 6 |  6.5
Conjurations   | 1 2 3 4 5 6 7 |  7.1
Armour         | 3 4 6 8 9 |  9.0
Long Blades    | 2 3 4 |  4.9
Shields        | 3 5 |  5.0
Dodging        | |  1.5
Stealth        | |  2.1
Transmutations | |  0.7

Action                   |  1- 3 |  4- 6 |  7- 9 | 10-12 || total
-------------------------+-------+-------+-------+-------++-------
Melee: Unarmed           |     6 |       |       |       ||     6
       Hand axe          |    80 |    97 |     9 |       ||   186
       Morningstar       |       |       |    60 |       ||    60
       Long sword        |       |       |   532 |   274 ||   806
       Scimitar          |       |       |       |   142 ||   142
 Cast: Sandblast         |    19 |    60 |    92 |    97 ||   268
       Stone Arrow       |       |     4 |     2 |    22 ||    28
       Lee's Rapid Decon |       |       |       |     6 ||     6
  Use: Scroll            |       |     9 |     3 |     9 ||    21
       Potion            |       |       |     6 |     1 ||     7
 Stab: Sleeping          |     9 |       |     2 |     3 ||    14
  Eat: Chunk             |     2 |     9 |    11 |    14 ||    36
       Ration            |       |       |     2 |     1 ||     3
Armor: Robe              |    35 |    57 |     4 |       ||    96
       Shadow dragon sca |       |       |   815 |   269 ||  1084
       Leather armour    |       |       |     5 |    86 ||    91
Dodge: Dodged            |    85 |   103 |   270 |   198 ||   656
       Deflected         |     1 |     3 |    14 |    20 ||    38
Block: Buckler           |       |       |       |   103 ||   103
       Rpst.: Long sword |       |       |    70 |    35 ||   105
       Scimitar          |       |       |       |    21 ||    21

Table legend:
 A = Non-vault XP
 B = Vault XP
 C = Vault XP percentage of total XP
 D = Non-vault monster count
 E = Vault monster count
 F = Vault count percentage of total count
                 A         B        C        D         E       F
            +---------+---------+-------+---------+---------+-------
      Total |    9890 |    2987 |  23.2 |     212 |      41 |  16.2
            +---------+---------+-------+---------+---------+-------
        D:1 |      47 |      37 |  44.0 |      23 |       5 |  17.9
        D:2 |     124 |      35 |  22.0 |      18 |       1 |   5.3
        D:3 |     198 |       0 |   0.0 |      17 |       0 |   0.0
        D:4 |     275 |       0 |   0.0 |      15 |       0 |   0.0
        D:5 |    1333 |     425 |  24.2 |      25 |       3 |  10.7
        D:6 |     987 |     267 |  21.3 |      29 |       1 |   3.3
        D:7 |     676 |     219 |  24.5 |      24 |       2 |   7.7
        D:8 |     219 |      55 |  20.1 |       4 |      12 |  75.0
        D:9 |    1771 |    1949 |  52.4 |      24 |      17 |  41.5
       D:10 |     150 |       0 |   0.0 |       2 |       0 |   0.0
       D:11 |    2515 |       0 |   0.0 |      21 |       0 |   0.0
       D:12 |     780 |       0 |   0.0 |       5 |       0 |   0.0
       D:13 |     296 |       0 |   0.0 |       3 |       0 |   0.0
    Abyss:1 |     519 |       0 |   0.0 |       2 |       0 |   0.0
            +---------+---------+-------+---------+---------+-------
